 Dungeon Crawl Stone Soup version 0.28-a0-1404-g4df0f3684d (webtiles) character file.

Game seed: 14683349840655522996

157 flotson the Ducker (level 5, -3/40 HPs)
             Began as a Demonspawn Gladiator on Jan 6, 2022.
             Killed by divine providence
             ... invoked by an orc priest
              (13 damage)
             ... on level 4 of the Dungeon.
             The game lasted 00:03:52 (2732 turns).

flotson the Ducker (Demonspawn Gladiator)           Turns: 2732, Time: 00:03:53

Health: -3/40      AC:  8    Str: 16    XL:     5   Next: 15%
Magic:  5/5        EV:  6    Int: 10    God:
Gold:   139        SH: 11    Dex: 14    Spells: 4/4 levels left

rFire   . . .      SeeInvis +   j - +3 dagger (flame)
rCold   . . .      Faith    .   b - +0 tower shield
rNeg    . . .      Spirit   .   r - +0 scale mail
rPois   .          Reflect  .   c - +0 helmet
rElec   .          Harm     .   (no cloak)
rCorr   .          Rampage  .   s - +0 pair of gloves
Will    .....                   (no boots)
Stlth   ..........              l - amulet of regeneration
HPRegen 0.93/turn               e - ring of see invisible
MPRegen 0.09/turn               (no ring)

@: no status effects
A: demonic magic 1, weakness stinger 1
a: no special abilities


You were on level 4 of the Dungeon.
You visited 1 branch of the dungeon, and saw 4 of its levels.

You collected 139 gold pieces.

Inventory:

Hand Weapons
 a - a +0 war axe
 j - a +3 dagger of flaming (weapon)
Missiles
 d - 3 throwing nets (quivered)
 h - 17 poisoned darts
Armour
 b - a +0 tower shield (worn)
 c - a +0 helmet (worn)
 r - a +0 scale mail (worn)
 s - a +0 pair of gloves (worn)
Jewellery
 e - a ring of see invisible (left hand)
 l - an amulet of regeneration (around neck)
 n - a ring of ice
Scrolls
 g - 3 scrolls of identify {unknown}
 m - a scroll of teleportation {unknown}
 o - a scroll of torment {unknown}
 q - a scroll of magic mapping {unknown}
Potions
 f - 2 potions of haste {unknown}
 i - 2 potions of attraction {unknown}
 k - 2 potions of heal wounds {unknown}
 p - a potion of resistance {unknown}


   Skills:
 + Level 2.9 Fighting
 + Level 3.3 Axes
 + Level 2.6 Throwing
 + Level 1.5 Armour
 + Level 3.3 Dodging
 + Level 1.0 Shields


You had 4 spell levels left.
You didn't know any spells.
Your spell library was empty.

Dungeon Overview and Level Annotations

Branches:
Dungeon (4/15)
 Temple: D:4-7

Altars:
Qazlal

Shops:
D:1 ?


Innate Abilities, Weirdness & Mutations

Spells you cast may paralyse adjacent enemies.
You have a small tail.


Message History

You feel sick.
The orc priest looks encouraged for a moment.
The orc wizard hits you but does no damage.
You are more poisoned.
The orc priest mumbles some strange prayers to Beogh against you.
Beogh smites you!
You closely miss the orc wizard.
The orc wizard is severely wounded.
You feel very sick. You block the orc wizard's attack.
You are too injured to fight recklessly!
You are too injured to fight recklessly!
You are too injured to fight recklessly!
You are too injured to fight recklessly!
You are too injured to fight recklessly!
You are too injured to fight recklessly!
You are too injured to fight recklessly!
You barely miss the orc wizard.
The orc wizard is severely wounded.
You feel sick. The orc wizard casts a spell at you. The puff of flame hits you.
The orc wizard casts a spell at you. The magic dart hits you.
* * * LOW HITPOINT WARNING * * *
You hit the orc wizard. You burn the orc wizard.
You kill the orc wizard!
You feel sick.
Your Shields skill increases to level 1!
You have reached level 5!
You feel sick.
You feel sick.
You feel sick.
You feel sick.
You are no longer poisoned.
There is a stone staircase leading down here.
The orc priest looks encouraged for a moment.
The orc priest invokes the aid of Beogh against you.
Beogh smites you!
You die...

..# ##..#..# .##
##...## ##
#######...## #
##..##......# #
##......####.#######
#..###### #.......#
####.## ######....#
##..## ##.......###
...## ##..####.@#
..## ##.### ##.#
..#####..# #o#
#.......## #>#
#.####### ##o# ..#
#..# ..# #.o# ..##
#.## ...###### #)#


You could see an orc priest and 2 orcs.

Vanquished Creatures
  An orc wizard (D:4)
  4 adders
  An ufetubus (D:4)
  An adder skeleton (D:4)
  A dart slug (D:3)
  An orc (D:4)
  12 ball pythons
  6 endoplasms
  9 giant cockroaches
  7 goblins
  3 hobgoblins
  9 jackals
  3 quokkas
  6 bats
  6 frilled lizards
  7 kobolds
  3 rats
80 creatures vanquished.

Notes
Turn   | Place    | Note
-------+----------+-------------------------------------------
     0 | D:1      | flotson the Demonspawn Gladiator began the quest for the
                  | Orb.
     0 | D:1      | Reached XP level 1. HP: 16/16 MP: 1/1
    32 | D:1      | Found Okodan's Magic Scroll Shop.
    85 | D:1      | Discovered your monstrous ancestry.
    85 | D:1      | Gained mutation: You have a small tail. [demonic ancestry]
    85 | D:1      | Reached XP level 2. HP: 13/22 MP: 2/2
   656 | D:1      | Reached XP level 3. HP: 27/28 MP: 3/3
  1110 | D:2      | Reached skill level 1 in Armour
  1292 | D:2      | Found a faded altar of an unknown god.
  1472 | D:2      | Gained mutation: Spells you cast may paralyse adjacent
                  | enemies. [demonic ancestry]
  1472 | D:2      | Reached XP level 4. HP: 34/34 MP: 4/4
  2303 | D:4      | Found a stormy altar of Qazlal.
  2726 | D:4      | Reached skill level 1 in Shields
  2726 | D:4      | Reached XP level 5. HP: 7/40 MP: 5/5
  2732 | D:4      | Killed from afar by an orc priest

Illustrated notes

Levels and vault maps discovered:
D:1:      lemuel_arrival_funnel, layout_loops_ring, serial_shops,
          nicolae_shop_advertising_works [nicolae_subvault_shop_adworks]
D:2:      cheibrodos_old_hovel, layout_loops_ring,
          hellmonk_ecumenical_altar_blasted
D:3:      layout_rooms
D:4:      layout_layer_cave, mainiacjoe_overflow_surrounded_room

Skill      XL: |  1  2  3  4 |
---------------+-------------+-----
Throwing       | 2 |  2.6
Axes           | 3 |  3.3
Dodging        | 3 |  3.3
Armour         | 1 |  1.5
Shields        | 1 |  1.0
Fighting       | |  2.9

Action                   |  1- 3 |  4- 6 || total
-------------------------+-------+-------++-------
Melee: War axe           |    72 |       ||    72
       Tailslap          |    11 |     8 ||    19
       Dagger            |    56 |    85 ||   141
Armor: Leather armour    |    37 |       ||    37
       Chain mail        |    11 |    24 ||    35
       Scale mail        |       |    23 ||    23
Dodge: Dodged            |   105 |    15 ||   120
Block: Tower shield      |     5 |    68 ||    73

Table legend: (Time is in decaauts)
 A = Elapsed time spent in this place.
 B = Non-inter-level travel time spent in this place.
 C = Inter-level travel time spent in this place.
 D = Time resting spent in this place.
 E = Time spent auto-exploring this place.
 F = Levels seen in this place.
 G = Mean time per level.
                   A        B        C        D        E       F      G
               +--------+--------+--------+--------+--------+-----+--------+
         Total |   2797 |   2724 |     73 |      0 |   2107 |   4 |  699.2 |
       Dungeon |   2797 |   2724 |     73 |      0 |   2107 |   4 |  699.2 |
               +--------+--------+--------+--------+--------+-----+--------+

Top non-repeatable levels by time:
     D:1: 1023 daAuts
     D:2: 643 daAuts
     D:4: 639 daAuts
     D:3: 490 daAuts
